[Event "9th RTU Rapid 2019"]
[Site "Riga"]
[Date "2019.08.04"]
[Round "9.8"]
[White "Grinev, Valeriy"]
[Black "Low, Zhen Yu Cyrus"]
[Result "1/2-1/2"]
[ECO "A26"]
[WhiteElo "2287"]
[BlackElo "2169"]
[Annotator "NA"]
[PlyCount "177"]
[EventDate "2019.08.05"]
[EventType "swiss"]
[EventCountry "LAT"]
[SourceTitle "playchess.com"]
[Source "ChessBase"]
[SourceQuality "1"]
[TimeControl "5400+30"]

1. c4 g6 2. e4 e5 3. Nc3 Bg7 4. g3 Nc6 5. Bg2 Nge7 6. Nge2 O-O 7. O-O d6 8. d3 Be6 9. Nd5 Qd7 10. Be3 f5 11. Qd2 Rae8 12. Rac1 Nd8 13. b4 Nc8 14. exf5 Bxf5 15. d4 e4 16. Ndc3 Nb6 17. Nd5 Nxd5 18. cxd5 c6 19. Nf4 Bg4 20. Rc2 Bf3 21. Rfc1 Bxg2 22. Kxg2 cxd5 23. Nxd5 Qf7 24. Nc7 Re7 25. d5 a6 26. Qe2 Qf5 27. h3 h5 28. b5 axb5 29. Nxb5 Nf7 30. Rd1 Be5 31. Nd4 Bxd4 32. Rxd4 Ne5 33. Rb4 Nd3 34. Rd4 h4 35. g4 Qe5 36. Rcc4 b5 37. Rxe4 Qxd5 38. Rcd4 Rxe4 39. Rxd5 Nf4+ 40. Bxf4 Rxe2 41. Be3 Rxa2 42. Rxb5 Re8 43. Kf3 Kf7 44. Rb6 Ke6 45. Bf4 Ra3+ 46. Kg2 Rd3 47. Bg5 Kd5 48. Bxh4 Kc5 49. Rb7 d5 50. Bf6 Rd2 51. Rc7+ Kd6 52. Rg7 Ree2 53. Bh4 Re6 54. Bg3+ Kc5 55. h4 d4 56. Rc7+ Kd5 57. h5 gxh5 58. gxh5 Rd1 59. Bf4 Ke4 60. Rf7 d3 61. Be3 Re1 62. Rf4+ Ke5 63. Kf3 Rh1 64. Re4+ Kf5 65. Rf4+ Ke5 66. Ra4 Kf6 67. h6 Rh3+ 68. Kg2 Rh5 69. Rd4 Rxe3 70. fxe3 Rxh6 71. Rxd3 Ke5 72. Rd4 Ra6 73. Rb4 Ra5 74. Kf3 Ke6 75. Rb6+ Ke5 76. Rh6 Ra4 77. Rh5+ Ke6 78. e4 Ra1 79. Rb5 Rf1+ 80. Ke2 Rh1 81. Ke3 Re1+ 82. Kd3 Rd1+ 83. Ke2 Rh1 84. Rg5 Rh3 85. Kf2 Ra3 86. Rc5 Rb3 87. Rf5 Ra3 88. Rf3 Rxf3+ 89. Kxf3 1/2-1/2

[Event "9th RTU Rapid 2019"]
[Site "Riga"]
[Date "2019.08.04"]
[Round "9.9"]
[White "Wagner, Dennis"]
[Black "Raghavi, N.."]
[Result "1-0"]
[ECO "B00"]
[WhiteElo "2473"]
[BlackElo "2068"]
[Annotator "ChessBase"]
[PlyCount "67"]
[EventDate "2019.08.05"]
[EventType "swiss"]
[EventCountry "LAT"]
[SourceTitle "playchess.com"]
[Source "ChessBase"]
[SourceQuality "1"]
[TimeControl "5400+30"]

1. d4 b6 2. e4 Bb7 3. Bd3 Nf6 4. Nd2 e6 5. Ngf3 c5 6. c3 Be7 7. O-O cxd4 8. cxd4 O-O 9. Re1 Nc6 10. a3 d6 11. b4 e5 12. d5 Nb8 13. Bb2 Nbd7 14. Rc1 a5 15. Bb5 axb4 16. axb4 Qb8 17. Nc4 Rc8 18. Nfd2 Ba6 19. Bc6 Ra7 20. b5 Bb7 21. f4 exf4 22. Nf3 Ba8 23. Qd2 Nc5 24. e5 Nb3 25. Qd1 Nxd5 26. Qxd5 Nxc1 27. exd6 Bxd6 28. Nxd6 Rd8 29. Qe5 f6 30. Qe6+ Kf8 31. Ba3 Nd3 32. Nb7+ Rxa3 33. Qe7+ Kg8 34. Nxd8 1-0

[Event "9th RTU Rapid 2019"]
[Site "Riga"]
[Date "2019.08.04"]
[Round "9.10"]
[White "Kopylov, Michael"]
[Black "Stabulnieks, Klavs"]
[Result "1-0"]
[ECO "E60"]
[WhiteElo "2414"]
[BlackElo "2136"]
[Annotator "NA"]
[PlyCount "97"]
[EventDate "2019.08.05"]
[EventType "swiss"]
[EventCountry "LAT"]
[SourceTitle "playchess.com"]
[Source "ChessBase"]
[SourceQuality "1"]
[TimeControl "5400+30"]

1. d4 Nf6 2. c4 g6 3. g3 Bg7 4. Bg2 d6 5. Nf3 O-O 6. O-O Nc6 7. Nc3 Bf5 8. d5 Na5 9. Nd4 Bd7 10. b3 c5 11. dxc6 Nxc6 12. Bb2 Qb6 13. e3 a5 14. Ndb5 Rfc8 15. Rc1 Ne5 16. Na4 Qa6 17. Qe2 Bc6 18. Rfd1 Ned7 19. e4 Nb6 20. Nac3 a4 21. b4 Bd7 22. e5 dxe5 23. c5 a3 24. Nxa3 Qxe2 25. Nxe2 Na4 26. Bxe5 Bc6 27. Nc4 e6 28. Nd6 Rd8 29. Nxb7 Rxd1+ 30. Rxd1 Nd5 31. Bxg7 Kxg7 32. Na5 Bd7 33. c6 Bc8 34. Bxd5 exd5 35. Rxd5 Be6 36. Rd2 Rb8 37. a3 Nb6 38. Nf4 Bf5 39. f3 h5 40. Kf2 Re8 41. Nb7 Re5 42. Nd6 Bc8 43. Nxc8 Nxc8 44. Rc2 Kf6 45. a4 Ke7 46. b5 Kd6 47. Rd2+ Kc7 48. Rd7+ Kb6 49. Rxf7 1-0

[Event "9th RTU Rapid 2019"]
[Site "Riga"]
[Date "2019.08.04"]
[Round "9.11"]
[White "Maltsevskaya, Aleksandra"]
[Black "Ioannidis, Evgenios"]
[Result "1-0"]
[ECO "A07"]
[WhiteElo "2321"]
[BlackElo "2134"]
[Annotator "NA"]
[PlyCount "79"]
[EventDate "2019.08.05"]
[EventType "swiss"]
[EventCountry "LAT"]
[SourceTitle "playchess.com"]
[Source "ChessBase"]
[SourceQuality "1"]
[TimeControl "5400+30"]

1. Nf3 d5 2. g3 Nc6 3. Bg2 h5 4. d4 Bg4 5. h3 Bxf3 6. Bxf3 Qd7 7. Nc3 e6 8. Bf4 Bb4 9. Qd2 Nge7 10. a3 Ba5 11. O-O-O O-O-O 12. Qd3 f6 13. Na4 e5 14. dxe5 fxe5 15. Bg5 e4 16. Bxe4 dxe4 17. Qxe4 Nd4 18. Nc5 Qd5 19. Qxd5 Rxd5 20. Bxe7 Re8 21. Rxd4 Rxd4 22. Nb3 Rd5 23. Bc5 Rxe2 24. c4 Rde5 25. Be3 c6 26. Rd1 Bc7 27. Nd4 R2xe3 28. fxe3 c5 29. Nb5 Rxe3 30. Rf1 Be5 31. Rf8+ Kd7 32. Rf7+ Ke6 33. Rxb7 Rxg3 34. b4 Rxh3 35. bxc5 Rh1+ 36. Kc2 h4 37. c6 h3 38. c7 Kd7 39. c5 Kc8 40. Rb8+ 1-0

[Event "9th RTU Rapid 2019"]
[Site "Riga"]
[Date "2019.08.04"]
[Round "9.12"]
[White "Mota, Pankit"]
[Black "Kiik, Kalle"]
[Result "0-1"]
[ECO "C55"]
[WhiteElo "1841"]
[BlackElo "2308"]
[Annotator "NA"]
[PlyCount "44"]
[EventDate "2019.08.05"]
[EventType "swiss"]
[EventCountry "LAT"]
[SourceTitle "playchess.com"]
[Source "ChessBase"]
[SourceQuality "1"]
[TimeControl "5400+30"]

1. e4 e5 2. Nf3 Nc6 3. Bc4 Nf6 4. d3 h6 5. c3 d6 6. O-O g6 7. a4 Bg7 8. a5 O-O 9. Re1 Be6 10. Nbd2 Kh7 11. b4 a6 12. Qb3 Qd7 13. Bb2 Nh5 14. Rad1 Nf4 15. Bxe6 fxe6 16. Nc4 Qf7 17. b5 axb5 18. Qxb5 Nxg2 19. Kxg2 Qxf3+ 20. Kg1 Qxf2+ 21. Kh1 Qf3+ 22. Kg1 Qg4+ 0-1

[Event "9th RTU Rapid 2019"]
[Site "Riga"]
[Date "2019.08.04"]
[Round "9.13"]
[White "Lavendelis, Egons"]
[Black "Laimins, Lauris"]
[Result "1-0"]
[ECO "B03"]
[WhiteElo "2292"]
[BlackElo "2123"]
[Annotator "NA"]
[PlyCount "71"]
[EventDate "2019.08.05"]
[EventType "swiss"]
[EventCountry "LAT"]
[SourceTitle "playchess.com"]
[Source "ChessBase"]
[SourceQuality "1"]
[TimeControl "5400+30"]

1. e4 Nf6 2. e5 Nd5 3. d4 d6 4. c4 Nb6 5. exd6 exd6 6. Bd3 Nc6 7. Ne2 Nb4 8. O-O Nxd3 9. Qxd3 Be7 10. Nbc3 O-O 11. Bf4 c6 12. Ng3 Be6 13. d5 cxd5 14. cxd5 Bd7 15. Nge4 Bf5 16. Rad1 Rc8 17. Qg3 Bxe4 18. Nxe4 Rc4 19. Bh6 Bf6 20. Nxd6 Rc2 21. Nf5 g6 22. Bxf8 Kxf8 23. Qa3+ Kg8 24. Ne3 Rxb2 25. Qxa7 Nd7 26. Rb1 Rxb1 27. Rxb1 b6 28. Rc1 Bd4 29. Qc7 Qe7 30. Qf4 Bc5 31. g3 Ne5 32. Rd1 b5 33. Ng4 Nc4 34. Qf6 Qf8 35. Qc3 Qd6 36. Re1 1-0

[Event "9th RTU Rapid 2019"]
[Site "Riga"]
[Date "2019.08.04"]
[Round "9.14"]
[White "Dubrovin, Robert"]
[Black "Germanovs, Georgijs"]
[Result "1-0"]
[ECO "A57"]
[WhiteElo "2282"]
[BlackElo "1911"]
[Annotator "NA"]
[PlyCount "105"]
[EventDate "2019.08.05"]
[EventType "swiss"]
[EventCountry "LAT"]
[SourceTitle "playchess.com"]
[Source "ChessBase"]
[SourceQuality "1"]
[TimeControl "5400+30"]

1. d4 Nf6 2. c4 c5 3. d5 b5 4. cxb5 a6 5. e3 Bb7 6. Nc3 axb5 7. Bxb5 g6 8. Nf3 Bg7 9. O-O O-O 10. d6 exd6 11. Qxd6 Ng4 12. Qf4 h5 13. h3 Nf6 14. e4 d5 15. e5 Ne4 16. Nxe4 dxe4 17. Nd2 Qd5 18. Nc4 Nd7 19. Be3 Nxe5 20. Nb6 Qe6 21. Nxa8 Bxa8 22. Bxc5 Rc8 23. Be3 Rc2 24. Rfd1 Rxb2 25. a4 Kh7 26. Rac1 Bd5 27. Rd2 Rb3 28. Rcd1 Bb7 29. Rd6 Qe7 30. Bf1 Bc6 31. a5 Ra3 32. a6 Ba4 33. Qxe4 Bxd1 34. Rxd1 f5 35. Qb7 Qf6 36. a7 Qc6 37. Qxc6 Nxc6 38. Rd7 Ra1 39. Rc7 Nxa7 40. Bxa7 Rd1 41. Be3 Kg8 42. h4 Be5 43. Rc8+ Kf7 44. g3 Kg7 45. Kg2 Bd6 46. Rd8 Kf6 47. Bf4 Ke7 48. Rxd6 Rxd6 49. Bxd6+ Kxd6 50. Bc4 Ke5 51. Bf7 Kf6 52. Be8 Kg7 53. Kf3 1-0

[Event "9th RTU Rapid 2019"]
[Site "Riga"]
[Date "2019.08.04"]
[Round "9.15"]
[White "Low, Kevin"]
[Black "Kopylov, Daniel"]
[Result "1/2-1/2"]
[ECO "B65"]
[WhiteElo "2153"]
[BlackElo "2103"]
[Annotator "NA"]
[PlyCount "112"]
[EventDate "2019.08.05"]
[EventType "swiss"]
[EventCountry "LAT"]
[SourceTitle "playchess.com"]
[Source "ChessBase"]
[SourceQuality "1"]
[TimeControl "5400+30"]

1. e4 c5 2. Nf3 d6 3. d4 cxd4 4. Nxd4 Nf6 5. Nc3 Nc6 6. Bg5 e6 7. Qd2 Be7 8. O-O-O Nxd4 9. Qxd4 O-O 10. f4 Qa5 11. Bc4 Rd8 12. Kb1 h6 13. Bh4 e5 14. Qd2 exf4 15. Nd5 Qxd2 16. Nxe7+ Kf8 17. Rxd2 Kxe7 18. Bxf6+ Kxf6 19. Rf1 Be6 20. Bd5 Bxd5 21. Rxd5 Rac8 22. Rxf4+ Ke6 23. c3 Rc5 24. Kc2 f6 25. Rff5 b6 26. Kd3 Rf8 27. g4 Rf7 28. b4 Rc6 29. c4 Rfc7 30. Rd4 a6 31. a4 Ra7 32. Rfd5 b5 33. cxb5 axb5 34. a5 Rac7 35. Rxb5 Rc3+ 36. Ke2 Rh3 37. Rd2 Rxh2+ 38. Kd3 Rh3+ 39. Kd4 Rhc3 40. Rd3 Rc1 41. a6 R7c4+ 42. Ke3 Re1+ 43. Kd2 Ra1 44. Rb6 Rxe4 45. Rdxd6+ Ke7 46. Rdc6 Ra2+ 47. Kd3 Rxg4 48. Rb7+ Kd8 49. a7 Ra3+ 50. Kc2 Rg2+ 51. Kb1 Rga2 52. Rcc7 Ra1+ 53. Kc2 R1a2+ 54. Kd1 Ra1+ 55. Kd2 R1a2+ 56. Kc1 Ra1+ 1/2-1/2

[Event "9th RTU Rapid 2019"]
[Site "Riga"]
[Date "2019.08.04"]
[Round "9.16"]
[White "Solys, Laimutis"]
[Black "Nesteretz, Anatoliy"]
[Result "0-1"]
[ECO "B33"]
[WhiteElo "2143"]
[BlackElo "2317"]
[Annotator "NA"]
[PlyCount "96"]
[EventDate "2019.08.05"]
[EventType "swiss"]
[EventCountry "LAT"]
[SourceTitle "playchess.com"]
[Source "ChessBase"]
[SourceQuality "1"]
[TimeControl "5400+30"]

1. e4 c5 2. Nf3 Nc6 3. d4 cxd4 4. Nxd4 Qb6 5. Nb3 Nf6 6. Nc3 e6 7. Be3 Qc7 8. Bd3 Bb4 9. O-O Bxc3 10. bxc3 d5 11. exd5 Nxd5 12. Bc5 Nce7 13. c4 Nf6 14. Re1 O-O 15. Bd6 Qd8 16. c5 Re8 17. c4 Ng6 18. Nd4 a6 19. Qf3 e5 20. Nf5 Bd7 21. Rad1 Qc8 22. g4 e4 23. Bxe4 Nxe4 24. Rxe4 Bc6 25. Qc3 f6 26. Re3 Qd7 27. Rde1 Rxe3 28. Rxe3 Re8 29. h3 Rxe3 30. Qxe3 Qe8 31. f4 Qxe3+ 32. Nxe3 Kf7 33. Kf2 Nf8 34. Nd5 Ne6 35. Ke3 Ba4 36. Nb4 Nd8 37. Kd2 Bd7 38. Ke3 Ba4 39. f5 Nc6 40. Nd5 Na5 41. Kd4 Bd1 42. Ne3 Bf3 43. Bc7 Nc6+ 44. Kd3 Nb4+ 45. Kd4 Nxa2 46. Ba5 Nc1 47. Nd5 Nb3+ 48. Kc3 Nxa5 0-1

[Event "9th RTU Rapid 2019"]
[Site "Riga"]
[Date "2019.08.04"]
[Round "9.17"]
[White "Vishnu Prasanna. V"]
[Black "Visockis, Janis"]
[Result "1-0"]
[ECO "D02"]
[WhiteElo "2465"]
[BlackElo "2038"]
[Annotator "ChessBase"]
[PlyCount "95"]
[EventDate "2019.08.05"]
[EventType "swiss"]
[EventCountry "LAT"]
[SourceTitle "playchess.com"]
[Source "ChessBase"]
[SourceQuality "1"]
[TimeControl "5400+30"]

1. d4 d5 2. Nf3 c6 3. g3 Bf5 4. Bg2 e6 5. O-O Nd7 6. Nbd2 Bd6 7. c4 Ngf6 8. Qb3 Rb8 9. Nh4 Bg6 10. Nxg6 hxg6 11. e4 dxe4 12. Nxe4 Nxe4 13. Bxe4 O-O 14. h4 e5 15. dxe5 Bxe5 16. Be3 a6 17. Ba7 Rc8 18. c5 Qc7 19. Bxg6 Ra8 20. Bb6 Nxb6 21. cxb6 Qd6 22. Be4 Bd4 23. Rad1 c5 24. Bg2 Qf6 25. Rd3 a5 26. Qc4 Ra6 27. b3 Rxb6 28. Bd5 Rd6 29. Rf3 Qg6 30. Bxb7 Rf6 31. Kg2 Re8 32. Rd1 Ree6 33. Qb5 Rxf3 34. Bxf3 Qc2 35. Rf1 Qc3 36. Bd5 Rf6 37. Qe8+ Kh7 38. Be4+ g6 39. h5 Qd2 40. Bf3 Kg7 41. hxg6 fxg6 42. Be2 Rf8 43. Qe7+ Rf7 44. Qe4 Qg5 45. Bc4 Re7 46. Qa8 Qe5 47. Qg8+ Kh6 48. Rh1+ 1-0

[Event "9th RTU Rapid 2019"]
[Site "Riga"]
[Date "2019.08.04"]
[Round "9.18"]
[White "Rudovskii, Filipp"]
[Black "Mohammad Nubairshah Shaikh"]
[Result "1-0"]
[ECO "B15"]
[WhiteElo "2127"]
[BlackElo "2278"]
[Annotator "NA"]
[PlyCount "113"]
[EventDate "2019.08.05"]
[EventType "swiss"]
[EventCountry "LAT"]
[SourceTitle "playchess.com"]
[Source "ChessBase"]
[SourceQuality "1"]
[TimeControl "5400+30"]

1. e4 g6 2. d4 Bg7 3. Nc3 c6 4. Be3 d5 5. e5 Nh6 6. h4 Qb6 7. a3 f6 8. h5 Bg4 9. Qd2 g5 10. f3 Be6 11. Na4 Qc7 12. Nc5 Bc8 13. f4 Ng4 14. h6 Bxh6 15. O-O-O gxf4 16. Bxf4 Bxf4 17. Qxf4 fxe5 18. Qg5 exd4 19. Rxh7 Rf8 20. Re1 Ne3 21. Qg6+ Kd8 22. Rf7 Re8 23. Rg7 Qd6 24. Qxd6+ exd6 25. Nxb7+ Bxb7 26. Rxb7 Nd7 27. Nf3 Nxf1 28. Rxf1 Kc8 29. Rb3 c5 30. g4 Kc7 31. Ng5 Rg8 32. Ne6+ Kc6 33. Rg3 Rae8 34. Nf4 Ref8 35. g5 Ne5 36. Kd2 Ng6 37. Nxg6 Rxf1 38. Ne7+ Kb5 39. Nxg8 Rf2+ 40. Kd3 Rf4 41. g6 c4+ 42. Kd2 Rf2+ 43. Kd1 d3 44. cxd3 Rxb2 45. dxc4+ dxc4 46. Ne7 c3 47. Rxc3 Rg2 48. Rf3 Kc4 49. Rf7 Kd3 50. Ke1 Ke3 51. Kf1 Ra2 52. g7 Ra1+ 53. Kg2 Ra2+ 54. Kg3 Rxa3 55. g8=Q d5 56. Qg5+ Ke4+ 57. Kg4 1-0

[Event "9th RTU Rapid 2019"]
[Site "Riga"]
[Date "2019.08.04"]
[Round "9.19"]
[White "Evchin, Maxim"]
[Black "Vedrickiene, Jovita"]
[Result "1/2-1/2"]
[ECO "A45"]
[WhiteElo "2269"]
[BlackElo "2036"]
[Annotator "NA"]
[PlyCount "112"]
[EventDate "2019.08.05"]
[EventType "swiss"]
[EventCountry "LAT"]
[SourceTitle "playchess.com"]
[Source "ChessBase"]
[SourceQuality "1"]
[TimeControl "5400+30"]

1. d4 Nf6 2. Bg5 h6 3. Bxf6 exf6 4. e3 d5 5. c4 Bb4+ 6. Nc3 O-O 7. Qb3 Bxc3+ 8. bxc3 dxc4 9. Bxc4 Nc6 10. Be2 a6 11. Nf3 b5 12. O-O Be6 13. Qc2 Na5 14. Nd2 c5 15. Ne4 Bf5 16. Bd3 c4 17. Nxf6+ Qxf6 18. Bxf5 Rab8 19. Rab1 Nc6 20. Be4 Ne7 21. g3 h5 22. Bg2 h4 23. e4 Qg5 24. f4 Qg4 25. Bf3 Qh3 26. Qg2 Qd7 27. Rfd1 Rb6 28. d5 hxg3 29. hxg3 Rg6 30. Rd4 Kh7 31. f5 Rh6 32. Qd2 Rh8 33. d6 Nc6 34. Rd5 Kg8 35. Qe3 Rxd6 36. Rbd1 Rxd5 37. Rxd5 Qc7 38. Kg2 Ne5 39. Qc5 Qxc5 40. Rxc5 Nxf3 41. Rc8+ Kh7 42. Rxh8+ Kxh8 43. Kxf3 a5 44. a3 Kh7 45. Ke3 Kh6 46. Kd4 Kg5 47. Kc5 b4 48. Kxc4 bxc3 49. Kxc3 Kg4 50. Kd4 f6 51. a4 Kxg3 52. e5 fxe5+ 53. Kxe5 Kg4 54. Ke4 Kg5 55. Ke5 Kg4 56. Ke4 Kg5 1/2-1/2

[Event "9th RTU Rapid 2019"]
[Site "Riga"]
[Date "2019.08.04"]
[Round "9.20"]
[White "Afanasiev, Vadim"]
[Black "Bagatais, Janis"]
[Result "1/2-1/2"]
[ECO "D35"]
[WhiteElo "2241"]
[BlackElo "1946"]
[Annotator "NA"]
[PlyCount "130"]
[EventDate "2019.08.05"]
[EventType "swiss"]
[EventCountry "LAT"]
[SourceTitle "playchess.com"]
[Source "ChessBase"]
[SourceQuality "1"]
[TimeControl "5400+30"]

1. d4 Nf6 2. c4 e6 3. Nc3 d5 4. cxd5 Nxd5 5. e4 Nxc3 6. bxc3 c5 7. Rb1 cxd4 8. cxd4 Nc6 9. Nf3 Bb4+ 10. Bd2 Bxd2+ 11. Qxd2 O-O 12. Bb5 Bd7 13. O-O a6 14. Bd3 b5 15. Rfe1 Na5 16. d5 exd5 17. exd5 Nc4 18. Bxc4 bxc4 19. Qd4 Rc8 20. Ne5 c3 21. Rb7 c2 22. Rc1 Bc6 23. Nxc6 Rxc6 24. Qe4 Rd6 25. Rxc2 Rxd5 26. g3 Rd1+ 27. Kg2 Re8 28. Qf3 Rd7 29. Rb3 g6 30. Rc6 Rd6 31. Rbc3 Rxc6 32. Rxc6 a5 33. Ra6 Qc7 34. Qd5 Re1 35. Ra8+ Kg7 36. Qd4+ Qe5 37. Qxe5+ Rxe5 38. Kf3 Kf6 39. Ra6+ Kg7 40. a4 h5 41. h4 Rf5+ 42. Ke3 Re5+ 43. Kd3 Rf5 44. f4 Rc5 45. Kd4 Rf5 46. Rb6 Rf6 47. Rxf6 Kxf6 48. Kc5 Ke6 49. Kb6 Kd6 50. Kxa5 Kc5 51. Ka6 Kc6 52. a5 f6 53. Ka7 Kc7 54. Ka6 Kc6 55. Ka7 Kc7 56. Ka8 Kc8 57. Ka7 Kc7 58. Ka6 Kc6 59. Ka7 Kc7 60. f5 gxf5 61. Ka8 Kc8 62. Ka7 Kc7 63. Ka6 Kc6 64. Ka7 Kc7 65. a6 f4 1/2-1/2

[Event "9th RTU Rapid 2019"]
[Site "Riga"]
[Date "2019.08.04"]
[Round "9.21"]
[White "Wedda, Dries"]
[Black "Shashnev, Pavel"]
[Result "1-0"]
[ECO "A52"]
[WhiteElo "2234"]
[BlackElo "2021"]
[Annotator "NA"]
[PlyCount "52"]
[EventDate "2019.08.05"]
[EventType "swiss"]
[EventCountry "LAT"]
[SourceTitle "playchess.com"]
[Source "ChessBase"]
[SourceQuality "1"]
[TimeControl "5400+30"]

1. d4 Nf6 2. c4 e5 3. dxe5 Ng4 4. e3 Nxe5 5. f4 Nec6 6. Nc3 Bb4 7. Qc2 a5 8. Nf3 d6 9. Bd2 Nd7 10. a3 Bc5 11. Bd3 Nf6 12. O-O-O O-O 13. h3 Re8 14. Rde1 h6 15. g4 d5 16. g5 Ne4 17. Nxe4 dxe4 18. Bxe4 h5 19. Bxc6 bxc6 20. Ne5 Qd6 21. Bc3 Rb8 22. Qe2 Rb3 23. Qxh5 g6 24. Qd1 Rxc3+ 25. bxc3 Bxa3+ 26. Kc2 Qc5 1-0

[Event "9th RTU Rapid 2019"]
[Site "Riga"]
[Date "2019.08.04"]
[Round "9.22"]
[White "Bracker, Arne"]
[Black "Vaskevicius, Augustas"]
[Result "0-1"]
[ECO "C67"]
[WhiteElo "2227"]
[BlackElo "2022"]
[Annotator "NA"]
[PlyCount "67"]
[EventDate "2019.08.05"]
[EventType "swiss"]
[EventCountry "LAT"]
[SourceTitle "playchess.com"]
[Source "ChessBase"]
[SourceQuality "1"]
[TimeControl "5400+30"]

1. e4 e5 2. Nf3 Nc6 3. Bb5 Nf6 4. O-O Nxe4 5. Re1 Nd6 6. Nxe5 Be7 7. Bf1 Nxe5 8. Rxe5 O-O 9. d4 Bf6 10. Re1 Nf5 11. d5 Re8 12. Rxe8+ Qxe8 13. Qd3 d6 14. Nd2 Bg5 15. Nf3 Bxc1 16. Rxc1 Bd7 17. Re1 Qd8 18. g4 Nh4 19. h3 Nxf3+ 20. Qxf3 Qg5 21. Bd3 g6 22. Re4 h5 23. Qf4 Qxf4 24. Rxf4 hxg4 25. hxg4 c5 26. dxc6 bxc6 27. c4 Be6 28. Rd4 Rd8 29. b3 c5 30. Rf4 Kg7 31. g5 d5 32. cxd5 Rxd5 33. Bc4 Rxg5+ 34. Kf1 0-1

[Event "9th RTU Rapid 2019"]
[Site "Riga"]
[Date "2019.08.04"]
[Round "9.23"]
[White "Zhukov, Anton"]
[Black "Damen, Jip"]
[Result "0-1"]
[ECO "A40"]
[WhiteElo "2087"]
[BlackElo "2179"]
[Annotator "NA"]
[PlyCount "150"]
[EventDate "2019.08.05"]
[EventType "swiss"]
[EventCountry "LAT"]
[SourceTitle "playchess.com"]
[Source "ChessBase"]
[SourceQuality "1"]
[TimeControl "5400+30"]

1. d4 g6 2. c4 Bg7 3. e4 Nc6 4. Be3 e5 5. d5 Nd4 6. Ne2 c5 7. Nbc3 d6 8. Qd2 Ne7 9. f3 a6 10. Bh6 Bxh6 11. Qxh6 Nc2+ 12. Kd1 Nxa1 13. Qc1 b5 14. Qxa1 b4 15. Nb1 O-O 16. Nd2 f5 17. Qc1 Qa5 18. Qb1 g5 19. Ng3 f4 20. Ne2 Ng6 21. Nc1 h5 22. Nd3 Ra7 23. Nf2 Rg7 24. h3 Nh4 25. Ke1 Qd8 26. Qd1 Qa5 27. Qb1 Rf6 28. Rh2 Rh6 29. Be2 b3 30. axb3 Rb7 31. Kd1 Bd7 32. Kc2 Qb6 33. Nd1 Rf6 34. Nc3 Rf8 35. Qe1 Qd8 36. Qf2 Qf6 37. Rh1 Ng6 38. Ra1 Rb6 39. Na4 Rb7 40. Nc3 Ra8 41. Qf1 g4 42. fxg4 hxg4 43. Bxg4 Bxg4 44. hxg4 Qg5 45. Qe2 Rg7 46. Rh1 Nf8 47. Qe1 Qxg4 48. Rh2 Raa7 49. Nd1 Rh7 50. Rh1 Rag7 51. Rg1 Rh2 52. Nf2 Qg6 53. Nf3 Rxg2 54. Rf1 Qg3 55. Nd2 Qe3 56. Nd1 Qxe1 57. Rxe1 Rg1 58. Re2 R7g2 59. Kd3 Rxe2 60. Kxe2 Nh7 61. b4 cxb4 62. Nf2 a5 63. c5 dxc5 64. Nc4 a4 65. d6 Nf6 66. Nd3 Rg2+ 67. Kf3 Rg3+ 68. Ke2 a3 69. bxa3 bxa3 70. Nxa3 Re3+ 71. Kd2 Nxe4+ 72. Kc2 Re2+ 73. Kb3 Nxd6 74. Nxc5 f3 75. Nd3 e4 0-1

[Event "9th RTU Rapid 2019"]
[Site "Riga"]
[Date "2019.08.04"]
[Round "9.24"]
[White "Martinkus, Rolandas"]
[Black "Hasani, Takin"]
[Result "1-0"]
[ECO "A13"]
[WhiteElo "2155"]
[BlackElo "1849"]
[Annotator "NA"]
[PlyCount "77"]
[EventDate "2019.08.05"]
[EventType "swiss"]
[EventCountry "LAT"]
[SourceTitle "playchess.com"]
[Source "ChessBase"]
[SourceQuality "1"]
[TimeControl "5400+30"]

1. Nf3 Nf6 2. e3 e6 3. c4 d5 4. Nc3 Be7 5. b3 O-O 6. Bb2 c5 7. d4 cxd4 8. exd4 b6 9. Be2 Bb7 10. O-O Nbd7 11. Rc1 Rc8 12. Ne5 dxc4 13. Bxc4 Bd6 14. Re1 Re8 15. Qe2 Nd5 16. Nxf7 Kxf7 17. Qh5+ Kg8 18. Nxd5 Bxd5 19. Bxd5 Rxc1 20. Bxc1 Nf6 21. Rxe6 Kf8 22. Rxe8+ Qxe8 23. Qxe8+ Kxe8 24. Bf3 Ke7 25. h3 Ke6 26. Kf1 Bb4 27. Ke2 b5 28. Bd2 Bd6 29. Kd3 h6 30. b4 Nd5 31. a3 Be7 32. g3 Bf6 33. Bd1 Nb6 34. Bb3+ Kd6 35. Bf4+ Kc6 36. Be5 Nd7 37. f4 a6 38. d5+ Kb6 39. Ke4 1-0

[Event "9th RTU Rapid 2019"]
[Site "Riga"]
[Date "2019.08.04"]
[Round "9.25"]
[White "Sertbay, Huseyin"]
[Black "Petrovskis, Olegs"]
[Result "0-1"]
[ECO "D10"]
[WhiteElo "2066"]
[BlackElo "2147"]
[Annotator "NA"]
[PlyCount "112"]
[EventDate "2019.08.05"]
[EventType "swiss"]
[EventCountry "LAT"]
[SourceTitle "playchess.com"]
[Source "ChessBase"]
[SourceQuality "1"]
[TimeControl "5400+30"]

1. d4 d5 2. c4 c6 3. cxd5 cxd5 4. Bg5 Nc6 5. Nc3 Qb6 6. e4 e6 7. exd5 exd5 8. Bb5 Be6 9. Nge2 h6 10. Bh4 Bd6 11. Qb3 a6 12. Ba4 Qxb3 13. Bxb3 Nge7 14. Bg3 O-O-O 15. Rc1 Kb8 16. O-O Na5 17. Nf4 Nxb3 18. axb3 Nf5 19. Nxe6 fxe6 20. Rcd1 Bxg3 21. hxg3 h5 22. Rfe1 Rd6 23. Re5 Rc8 24. f3 Nxg3 25. Rg5 h4 26. Rxg7 Rb6 27. Re7 Nf5 28. Rf7 Rxb3 29. Rd2 Nd6 30. Rh7 Nc4 31. Re2 Nxb2 32. Na2 Nd3 33. Rxh4 a5 34. g4 a4 35. g5 a3 36. g6 Rg8 37. Rg4 Rb1+ 38. Kg2 Rb2 39. Kf1 Rb1+ 40. Kg2 b5 41. g7 b4 42. Rxe6 Rb2+ 43. Kg3 b3 44. Rf6 bxa2 45. Rf8+ Ka7 46. Rxg8 a1=Q 47. Ra8+ Kxa8 48. g8=Q+ Ka7 49. Rg7+ Ka6 50. Qa8+ Kb5 51. Qxd5+ Kb4 52. Rb7+ Kc3 53. Rc7+ Kd2 54. Qa5+ Rb4 55. Qg5+ Kd1 56. Qe3 Qxd4 0-1

[Event "9th RTU Rapid 2019"]
[Site "Riga"]
[Date "2019.08.04"]
[Round "9.26"]
[White "Shailesh, Dravid"]
[Black "Jonsson, Gauti Pall"]
[Result "1-0"]
[ECO "B35"]
[WhiteElo "2134"]
[BlackElo "2080"]
[Annotator "NA"]
[PlyCount "63"]
[EventDate "2019.08.05"]
[EventType "swiss"]
[EventCountry "LAT"]
[SourceTitle "playchess.com"]
[Source "ChessBase"]
[SourceQuality "1"]
[TimeControl "5400+30"]

1. e4 c5 2. Nf3 g6 3. d4 cxd4 4. Nxd4 Bg7 5. Nc3 Nc6 6. Be3 Nf6 7. Bc4 O-O 8. Bb3 a6 9. a4 Qc7 10. O-O Na5 11. Ba2 Nc4 12. Bc1 d6 13. Qe2 Ne5 14. Bg5 Qb6 15. Qd2 Qb4 16. Rfd1 Nc6 17. Nxc6 bxc6 18. Bb3 Be6 19. Bxf6 Bxf6 20. Nd5 Qxe4 21. Re1 Qh4 22. g3 Qg5 23. f4 Qg4 24. Nxf6+ exf6 25. Bxe6 fxe6 26. Qxd6 e5 27. fxe5 Rad8 28. Qxc6 fxe5 29. Rf1 Qe2 30. Rae1 Rxf1+ 31. Rxf1 Rd1 32. Qe8+ 1-0

[Event "9th RTU Rapid 2019"]
[Site "Riga"]
[Date "2019.08.04"]
[Round "9.27"]
[White "Smirnova, Ekaterina"]
[Black "Mamalis, Prokopios"]
[Result "1/2-1/2"]
[ECO "E11"]
[WhiteElo "2134"]
[BlackElo "1902"]
[Annotator "NA"]
[PlyCount "69"]
[EventDate "2019.08.05"]
[EventType "swiss"]
[EventCountry "LAT"]
[SourceTitle "playchess.com"]
[Source "ChessBase"]
[SourceQuality "1"]
[TimeControl "5400+30"]

1. d4 e6 2. c4 Nf6 3. Nf3 Bb4+ 4. Bd2 c5 5. e3 b6 6. Be2 Bb7 7. O-O O-O 8. Nc3 Bxc3 9. Bxc3 d6 10. dxc5 bxc5 11. Bxf6 gxf6 12. Qd2 Qe7 13. Rfd1 d5 14. cxd5 Bxd5 15. b3 Nd7 16. Rac1 Rfd8 17. Qc3 Rac8 18. Nd2 Nb6 19. Bf3 Bxf3 20. Nxf3 c4 21. bxc4 Rxc4 22. Qb3 Rdc8 23. Rxc4 Rxc4 24. h3 Qc7 25. Qb2 Kg7 26. Nd4 Nd5 27. Qd2 Nc3 28. Re1 Ne4 29. Qe2 f5 30. Qb2 Kg8 31. Rd1 Nc3 32. Re1 Ne4 33. Rd1 Nc3 34. Re1 Ne4 35. Rd1 1/2-1/2